 Dungeon Crawl Stone Soup version 0.18.1-2-ga659475 (webtiles) character file.

151 Hipnos the Ducker (level 5, -4/27 HPs)
             Began as a Spriggan Chaos Knight on May 8, 2016.
             Slain by a crocodile (20 damage)
             ... on level 3 of the Dungeon.
             The game lasted 00:07:39 (2376 turns).

Hipnos the Ducker (Spriggan Chaos Knight)           Turns: 2376, Time: 00:07:40

Health: -4/27      AC:  5    Str:  8    XL:     5   Next: 11%
Magic:  8/8        EV: 20    Int: 15    God:    Xom [......]
Gold:   160        SH:  0    Dex: 15    Spells: 2 memorised, 3 levels left

rFire  . . .     SeeInvis +     a - +0 short sword (chaos)
rCold  . . .     Gourm    .     b - +2 robe
rNeg   . . .     Faith    .     (shield restricted)
rPois  .         Spirit   .     (helmet restricted)
rElec  .         Dismiss  .     p - +0 cloak
rCorr  .         Reflect  .     (gloves unavailable)
SustAt .         Harm     .     (boots unavailable)
MR     .....                    (no amulet)
Stlth  +++.......               (no ring)
                                (no ring)

@: very quick, not resistant to hostile enchantments, fairly stealthy
A: unfitting armour, see invisible, herbivore 3, speed 3, slow metabolism 2
a: Renounce Religion


You were on level 3 of the Dungeon.
You worshipped Xom.
You were a very special plaything of Xom.
You were not hungry.

You visited 1 branch of the dungeon, and saw 3 of its levels.

You collected 160 gold pieces.

Inventory:

Hand Weapons
 a - a +0 short sword of chaos (weapon)
Armour
 b - a +2 robe (worn)
 p - a +0 cloak (worn)
Jewellery
 q - an uncursed amulet of harm {unknown}
Wands
 r - a wand of polymorph (10/24)
 u - a wand of iceblast (5/15)
Scrolls
 e - a scroll of immolation
 g - a scroll of magic mapping
 i - 3 scrolls of recharging {unknown}
 k - a scroll of noise {unknown}
 l - 2 scrolls of remove curse {unknown}
 m - a scroll of enchant armour {unknown}
 n - a scroll of random uselessness {unknown}
 s - a scroll of teleportation {unknown}
 t - a scroll of identify
Potions
 d - 2 potions of brilliance
 f - a potion of flight {unknown}
 h - a potion of haste {unknown}
 j - 4 potions of curing {unknown}
 o - 2 potions of heal wounds {unknown}
 w - a potion of berserk rage {unknown}
Books
 v - a book of Battle

   Spells                             Type                      Level
   a - Infusion                       Charms                       1
   b - Shroud of Golubria             Charms/Translocation         2
   c - Song of Slaying                Charms                       2
   d - Spectral Weapon                Hexes/Charms                 3
   e - Regeneration                   Charms/Necromancy            3
Comestibles
 c - 3 bread rations


   Skills:
 + Level 2.6 Fighting
 + Level 4.0 Short Blades
 + Level 5.8 Dodging
 * Level 3.5 Stealth
 * Level 1.3 Spellcasting


You had 3 spell levels left.
You knew the following spells:

 Your Spells              Type           Power        Failure   Level  Hunger
a - Infusion              Chrm           #...         28%         1    ##.....
b - Shroud of Golubria    Chrm/Tloc      #.........   38%         2    ###....


Dungeon Overview and Level Annotations

Branches:
Dungeon (3/15)

Altars:
Cheibriados
Elyvilon
Okawaru
Pakellas
Trog


Innate Abilities, Weirdness & Mutations

You are tiny and cannot use many weapons and most armour.
You have supernaturally acute eyesight.
You are a herbivore.
You cover ground extremely quickly.
You need consume almost no food.


Message History

You kill the gnoll!
Things that are here:
a spear of chaos; a halberd; a gnoll corpse
There is an open door here.
There is an open door here.
A crocodile is nearby!
You hit the crocodile but do no damage.
There is a sudden explosion of sparks!
The crocodile is severely wounded.
The crocodile misses you.
You closely miss the crocodile.
The crocodile is severely wounded.
The crocodile barely misses you.
You closely miss the crocodile.
The crocodile is severely wounded.
The crocodile barely misses you.
You hit the crocodile.
The crocodile is almost dead.
The crocodile bites you!!
Ouch! That really hurt!
You die...

#.#####...#####.###.#
........⌠......... .#
..#####...#####.##
##...'#.#'...#
#.8...#.#...8^#
#.._..#.#.._..#
#.8.8.#.#.8.8.#
##...##t##...##
#####..@##### ##..#
##### ##.# ##...##
#.#
#.....##########.#
#..........>)..#.#
###
#.....########.#.##
##.## ##...###
#....#########.#.##
.......#
#...............#.#


You could see a crocodile.

Vanquished Creatures
  4 gnolls (D:3)
  6 adders
  A dart slug (D:2)
  2 giant geckos (D:2)
  2 orcs
  2 bats (D:1)
  A giant cockroach (D:1)
  10 hobgoblins
  4 jackals (D:2)
  A quokka (D:1)
  2 giant newts
  5 goblins
  14 kobolds
  A rat (D:1)
55 creatures vanquished.

Vanquished Creatures (others)
  A goblin (D:1)
1 creature vanquished.

Grand Total: 56 creatures vanquished

Notes
Turn   | Place    | Note
--------------------------------------------------------------
     0 | D:1      | Hipnos the Spriggan Chaos Knight began the quest for the Orb.
     0 | D:1      | Reached XP level 1. HP: 11/11 MP: 2/2
    91 | D:1      | XOM: divination: detect items
   167 | D:1      | Reached skill level 1 in Stealth
   194 | D:1      | XOM: fog
   204 | D:1      | XOM: polymorph giant newt -> quokka
   206 | D:1      | Reached XP level 2. HP: 14/16 MP: 3/3
   664 | D:2      | XOM: polymorph bat -> kobold
   668 | D:2      | Reached skill level 4 in Dodging
   696 | D:2      | XOM: 3-stop teleportation journey
   719 | D:2      | XOM: mild Tloc miscast
   720 | D:2      | Noticed a spatial vortex
   720 | D:2      | XOM: butterfly on damage
   943 | D:2      | Reached XP level 3. HP: 19/19 MP: 4/4
  1129 | D:2      | XOM: potion effect (agility)
  1150 | D:2      | XOM: divination: detect items
  1157 | D:2      | Reached skill level 1 in Spellcasting
  1214 | D:2      | Reached skill level 5 in Dodging
  1261 | D:2      | Found an iron altar of Okawaru.
  1269 | D:2      | Reached XP level 4. HP: 21/23 MP: 6/6
  1845 | D:3      | Learned a level 1 spell: Infusion
  1848 | D:3      | Learned a level 2 spell: Shroud of Golubria
  1872 | D:3      | Found a white marble altar of Elyvilon.
  1875 | D:3      | Found a snail-covered altar of Cheibriados.
  1878 | D:3      | Found a bloodstained altar of Trog.
  1895 | D:3      | Found an oddly glowing altar of Pakellas.
  2029 | D:3      | Noticed a crocodile
  2043 | D:3      | XOM: harmless Pois miscast
  2049 | D:3      | XOM: chaos upgrade
  2318 | D:3      | Reached XP level 5. HP: 22/27 MP: 8/8
  2376 | D:3      | Slain by a crocodile

Skill      XL: |  1  2  3  4 |
---------------+-------------+-----
Stealth        | 1 2 3 |  3.5
Dodging        | 4 5 |  5.8
Spellcasting   | 1 |  1.3
Short Blades   | 4 |  4.0
Fighting       | |  2.6

Action                   |  1- 3 |  4- 6 || total
-------------------------+-------+-------++-------
Melee: Short sword       |   142 |    86 ||   228
  Use: Scroll            |     3 |       ||     3
 Stab: Sleeping          |     1 |     2 ||     3
       Distracted        |     1 |       ||     1
Armor: Robe              |    25 |     8 ||    33
Dodge: Dodged            |   186 |    61 ||   247
